| TOP OF THE 1ST |
|
California State University at Fullerton Titans batting - Pitching for University of Nebraska Cornhuskers : RHP Marcus Reiling
|
|
Pitching: RHP Marcus Reiling
|
|
|
Batting: LHB Newt Peper
|
0-0: Called Strike 0-1: Ball 1-1: Ball 2-1: Foul Ball, location: 2F 2-2: Foul Ball, location: 2F 2-2: Ground out 4-3 (Groundball, 4S, EV 63.8 MPH)
|
|
Batting: LHB Wing-tat Tai
|
0-0: Foul Ball, location: 2F 0-1: Ground out 6-3 (Groundball, 6, EV 80.0 MPH)
|
|
Batting: RHB Wan-ling Zhu
|
0-0: Called Strike 0-1: Ball 1-1: Foul Ball, location: 2F 1-2: Ball 2-2: Ball 3-2: Fly out, F9 (Flyball, 9LM, EV 98.8 MPH)
|
| Top of the 1st over - 0 runs, 0 hits, 0 errors, 0 left on base; California State University at Fullerton 0 - University of Nebraska 0 |
| BOTTOM OF THE 1ST |
|
University of Nebraska Cornhuskers batting - Pitching for California State University at Fullerton Titans : RHP Matt Lane
|
|
Pitching: RHP Matt Lane
|
|
|
Batting: LHB Duda Pinho
|
0-0: Ball 1-0: Fly out, F7 (Line Drive, 7, EV 91.3 MPH)
|
|
Batting: RHB Quan Tai
|
0-0: Ball 1-0: Called Strike 1-1: Swinging Strike 1-2: Strikes out swinging
|
|
Batting: SHB Karl Starnes
|
0-0: Fly out, F4 (Flyball, 4MD, EV 81.3 MPH)
|
| Bottom of the 1st over - 0 runs, 0 hits, 0 errors, 0 left on base; California State University at Fullerton 0 - University of Nebraska 0 |
| TOP OF THE 2ND |
|
California State University at Fullerton Titans batting - Pitching for University of Nebraska Cornhuskers : RHP Marcus Reiling
|
|
Batting: RHB Azeem bin Zuhair
|
0-0: Foul Ball, location: 2F 0-1: Ground out 4-3 (Groundball, 4MD, EV 107.5 MPH)
|
|
Batting: RHB Nate Dabney
|
0-0: Fly out, F8 (Flyball, 8RM, EV 82.5 MPH)
|
|
Batting: LHB Mike Fielden
|
0-0: Called Strike 0-1: Ball 1-1: Ball 2-1: Ground out 4-3 (Groundball, 34D, EV 105.6 MPH)
|
| Top of the 2nd over - 0 runs, 0 hits, 0 errors, 0 left on base; California State University at Fullerton 0 - University of Nebraska 0 |
| BOTTOM OF THE 2ND |
|
University of Nebraska Cornhuskers batting - Pitching for California State University at Fullerton Titans : RHP Matt Lane
|
|
Batting: SHB Jim Lloyd
|
0-0: Ball 1-0: Foul Ball, location: 2F 1-1: Called Strike 1-2: Ground out 3-1 (Groundball, 3D, EV 86.3 MPH)
|
|
Batting: RHB Francisco Marin
|
0-0: Ball 1-0: Swinging Strike 1-1: Called Strike 1-2: Ball 2-2: Ball 3-2: SINGLE (Groundball, 6MD, EV 95.6 MPH)
|
|
Batting: LHB Jerry Santana
|
0-0: Ground out 6-3 (Groundball, 6, EV 77.5 MPH) Francisco Marin to second
|
|
Batting: RHB Doug Thornsberry
|
0-0: Swinging Strike 0-1: Foul Ball, location: 2F 0-2: SINGLE (Groundball, 6MD, EV 106.3 MPH) Francisco Marin to third Runner from 3rd tries for Home, throw by CF and OUT! 8-2
|
| Bottom of the 2nd over - 0 runs, 2 hits, 0 errors, 1 left on base; California State University at Fullerton 0 - University of Nebraska 0 |
| TOP OF THE 3RD |
|
California State University at Fullerton Titans batting - Pitching for University of Nebraska Cornhuskers : RHP Marcus Reiling
|
|
Batting: RHB Don Burt
|
0-0: Ball 1-0: Ball 2-0: SINGLE (Groundball, 13S, EV 72.5 MPH) (infield hit)
|
|
Batting: RHB Chase Reiner
|
0-0: Ball 1-0: Ball 2-0: Ball 3-0: Called Strike 3-1: Called Strike 3-2: Foul Ball, location: 2F 3-2: Strikes out swinging
|
|
Batting: LHB Walt van der Rest
|
0-0: SINGLE (Line Drive, 8LS, EV 96.9 MPH) Don Burt to second
|
|
Batting: LHB Newt Peper
|
0-0: Fly out, F9 (Flyball, 89S, EV 88.8 MPH)
|
|
Batting: LHB Wing-tat Tai
|
0-0: Foul Ball, location: 2F 0-1: Ball 1-1: Foul Ball, location: 2F 1-2: Ball 2-2: Ball 3-2: Foul Ball, location: 2F 3-2: Base on Balls Don Burt to third Walt van der Rest to second
|
|
Batting: RHB Wan-ling Zhu
|
0-0: Ground out 4-3 (Groundball, 34, EV 80.0 MPH)
|
| Top of the 3rd over - 0 runs, 2 hits, 0 errors, 3 left on base; California State University at Fullerton 0 - University of Nebraska 0 |
| BOTTOM OF THE 3RD |
|
University of Nebraska Cornhuskers batting - Pitching for California State University at Fullerton Titans : RHP Matt Lane
|
|
Batting: RHB Steve Terres
|
0-0: Foul Ball, location: 2F 0-1: Swinging Strike 0-2: Ball 1-2: Foul Ball, location: 2F 1-2: Foul Ball, location: 2F 1-2: Ball 2-2: Fly out, F8 (Flyball, 78M, EV 98.8 MPH)
|
|
Batting: RHB Hanley Hernandez
|
0-0: Ground out 5-3 (Groundball, 56S, EV 88.1 MPH)
|
|
Batting: LHB Duda Pinho
|
0-0: Called Strike 0-1: Swinging Strike 0-2: Ball 1-2: Foul Ball, location: 2F 1-2: Strikes out swinging
|
| Bottom of the 3rd over - 0 runs, 0 hits, 0 errors, 0 left on base; California State University at Fullerton 0 - University of Nebraska 0 |
| TOP OF THE 4TH |
|
California State University at Fullerton Titans batting - Pitching for University of Nebraska Cornhuskers : RHP Marcus Reiling
|
|
Batting: RHB Azeem bin Zuhair
|
0-0: Ball 1-0: Called Strike 1-1: Ground out 5-3 (Groundball, 56, EV 101.3 MPH)
|
|
Batting: RHB Nate Dabney
|
0-0: Ball 1-0: Swinging Strike 1-1: Ball 2-1: Reached on error, E5 (Groundball, 5, EV 87.5 MPH)
|
|
Batting: LHB Mike Fielden
|
0-0: Called Strike 0-1: SINGLE (Groundball, 3D, EV 101.3 MPH) Nate Dabney to second Runner from 2nd tries for 3rd, SAFE, throw by RF made to third Mike Fielden to second
|
|
Batting: RHB Don Burt
|
0-0: Ball 1-0: SINGLE (Groundball, 56D, EV 95.0 MPH) Nate Dabney scores Mike Fielden to third
|
|
Batting: RHB Chase Reiner
|
0-0: Foul Ball, location: 2F 0-1: Grounds into double play, 6-4-3 (Groundball, 6, EV 106.9 MPH)
|
| Top of the 4th over - 1 run, 2 hits, 1 error, 1 left on base; California State University at Fullerton 1 - University of Nebraska 0 |
| BOTTOM OF THE 4TH |
|
University of Nebraska Cornhuskers batting - Pitching for California State University at Fullerton Titans : RHP Matt Lane
|
|
Batting: RHB Quan Tai
|
0-0: Called Strike 0-1: Called Strike 0-2: Ball 1-2: Fly out, F6 (Line Drive, 6, EV 67.5 MPH)
|
|
Batting: SHB Karl Starnes
|
0-0: Called Strike 0-1: Ground out 4-3 (Groundball, 4, EV 88.8 MPH)
|
|
Batting: SHB Jim Lloyd
|
0-0: Swinging Strike 0-1: Foul Ball, location: 2F 0-2: Foul Ball, location: 2F 0-2: Ball 1-2: SINGLE (Groundball, 34D, EV 98.1 MPH)
|
|
Batting: RHB Francisco Marin
|
0-0: Ball Jim Lloyd steals 2nd, throwing error, E2 Jim Lloyd to third 1-0: Ball 2-0: Ball 3-0: Called Strike 3-1: Foul Ball, location: 2F 3-2: Foul Ball, location: 2F 3-2: Ground out 6-3 (Groundball, 6MS, EV 73.1 MPH)
|
| Bottom of the 4th over - 0 runs, 1 hit, 1 error, 1 left on base; California State University at Fullerton 1 - University of Nebraska 0 |
| TOP OF THE 5TH |
|
California State University at Fullerton Titans batting - Pitching for University of Nebraska Cornhuskers : RHP Marcus Reiling
|
|
Batting: LHB Walt van der Rest
|
0-0: Ground out 4-3 (Groundball, 4S, EV 69.4 MPH)
|
|
Batting: LHB Newt Peper
|
0-0: Swinging Strike 0-1: Foul Ball, location: 2F 0-2: Ground out 4-3 (Groundball, 4, EV 86.9 MPH)
|
|
Batting: LHB Wing-tat Tai
|
0-0: Foul Ball, location: 2F 0-1: Ball 1-1: Ground out 1-3 (Groundball, 25, EV 70.0 MPH)
|
| Top of the 5th over - 0 runs, 0 hits, 0 errors, 0 left on base; California State University at Fullerton 1 - University of Nebraska 0 |
| BOTTOM OF THE 5TH |
|
University of Nebraska Cornhuskers batting - Pitching for California State University at Fullerton Titans : RHP Matt Lane
|
|
Batting: LHB Jerry Santana
|
0-0: Ball 1-0: Called Strike 1-1: Called Strike 1-2: Ball 2-2: Ground out 4-3 (Groundball, 4, EV 98.1 MPH)
|
|
Batting: RHB Doug Thornsberry
|
0-0: Ball 1-0: Ground out 5-3 (Groundball, 56, EV 105.6 MPH)
|
|
Batting: RHB Steve Terres
|
0-0: Ball 1-0: Ball 2-0: SINGLE (Groundball, 4, EV 95.6 MPH)
|
|
Batting: RHB Hanley Hernandez
|
0-0: Called Strike 0-1: Ball 1-1: Ball 2-1: Foul Ball, location: 2F 2-2: Foul Ball, location: 2F 2-2: Strikes out swinging
|
| Bottom of the 5th over - 0 runs, 1 hit, 0 errors, 1 left on base; California State University at Fullerton 1 - University of Nebraska 0 |
| TOP OF THE 6TH |
|
California State University at Fullerton Titans batting - Pitching for University of Nebraska Cornhuskers : RHP Marcus Reiling
|
|
Batting: RHB Wan-ling Zhu
|
0-0: Fly out, F3 (Popup, 34S, EV 76.3 MPH)
|
|
Batting: RHB Azeem bin Zuhair
|
0-0: SINGLE (Groundball, 56, EV 109.4 MPH) (infield hit)
|
|
Batting: RHB Nate Dabney
|
0-0: Foul Ball, location: 2F 0-1: Grounds into double play, 4-6-3 (Groundball, 4, EV 105.6 MPH)
|
| Top of the 6th over - 0 runs, 1 hit, 0 errors, 0 left on base; California State University at Fullerton 1 - University of Nebraska 0 |
| BOTTOM OF THE 6TH |
|
University of Nebraska Cornhuskers batting - Pitching for California State University at Fullerton Titans : RHP Matt Lane
|
|
Batting: LHB Duda Pinho
|
0-0: SINGLE (Line Drive, 7S, EV 108.8 MPH)
|
|
Batting: RHB Quan Tai
|
0-0: Ball 1-0: Ball 2-0: Ball 3-0: Called Strike 3-1: Ground out 5-3 (Groundball, 56S, EV 65.6 MPH) Duda Pinho to second
|
|
Batting: SHB Karl Starnes
|
0-0: Called Strike 0-1: Ball 1-1: Ball 2-1: Foul Ball, location: 2F 2-2: Ball 3-2: Base on Balls
|
|
Pitching: RHP Kyle Meade
|
|
|
Batting: SHB Jim Lloyd
|
0-0: Swinging Strike 0-1: Ball 1-1: Swinging Strike 1-2: Ball 2-2: Fielders Choice at 2nd, 6-4 (Groundball, 6, EV 103.1 MPH) Duda Pinho to third
|
|
Batting: RHB Francisco Marin
|
0-0: Called Strike 0-1: Ball 1-1: Ball 2-1: Foul Ball, location: 2F 2-2: Ball 3-2: Foul Ball, location: 2F 3-2: Foul Ball, location: 2F 3-2: Foul Ball, location: 2F 3-2: 3-RUN HOME RUN (Line Drive, 7D, EV 99.4 MPH), Distance : 386 ft
|
|
Batting: LHB Jerry Santana
|
0-0: Ball 1-0: Ball 2-0: Ball 3-0: Base on Balls
|
|
Batting: RHB Doug Thornsberry
|
0-0: Ball 1-0: Called Strike Jerry Santana steals 2nd base 1-1: Ball 2-1: Ground out 4-3 (Groundball, 4, EV 86.9 MPH)
|
| Bottom of the 6th over - 3 runs, 2 hits, 0 errors, 1 left on base; California State University at Fullerton 1 - University of Nebraska 3 |
| TOP OF THE 7TH |
|
California State University at Fullerton Titans batting - Pitching for University of Nebraska Cornhuskers : RHP Marcus Reiling
|
|
Batting: LHB Mike Fielden
|
0-0: Called Strike 0-1: Ball 1-1: Ball 2-1: Ball 3-1: Foul Ball, location: 2F 3-2: Ground out 4-3 (Groundball, 4S, EV 65.0 MPH)
|
|
Batting: RHB Don Burt
|
0-0: Ball 1-0: Foul Ball, location: 2F 1-1: Fly out, F7 (Flyball, 7, EV 93.1 MPH)
|
|
Batting: RHB Chase Reiner
|
0-0: Called Strike 0-1: Ball 1-1: Foul Ball, location: 2F 1-2: Ball 2-2: Fly out, F1 (Line Drive, P, EV 64.4 MPH)
|
| Top of the 7th over - 0 runs, 0 hits, 0 errors, 0 left on base; California State University at Fullerton 1 - University of Nebraska 3 |
| BOTTOM OF THE 7TH |
|
University of Nebraska Cornhuskers batting - Pitching for California State University at Fullerton Titans : RHP Kyle Meade
|
|
Batting: RHB Steve Terres
|
0-0: Called Strike 0-1: Swinging Strike 0-2: Foul Ball, location: 2F 0-2: Ball 1-2: Foul Ball, location: 2F 1-2: Ball 2-2: Ball 3-2: Fly out, F5 (Line Drive, 5, EV 70.0 MPH)
|
|
Batting: RHB Hanley Hernandez
|
0-0: Foul Ball, location: 2F 0-1: Foul Ball, location: 2F 0-2: Ground out 6-3 (Groundball, 6, EV 104.4 MPH)
|
|
Batting: LHB Duda Pinho
|
0-0: Called Strike 0-1: Ball 1-1: Ball 2-1: Reached on error, E4 (Groundball, 4, EV 95.6 MPH)
|
|
Batting: RHB Quan Tai
|
0-0: Ball 1-0: Ball Duda Pinho steals 2nd base (no throw) 2-0: Foul Ball, location: 2F 2-1: Foul Ball, location: 2F 2-2: Foul Ball, location: 2F 2-2: Strikes out looking
|
| Bottom of the 7th over - 0 runs, 0 hits, 1 error, 1 left on base; California State University at Fullerton 1 - University of Nebraska 3 |
| TOP OF THE 8TH |
|
California State University at Fullerton Titans batting - Pitching for University of Nebraska Cornhuskers : RHP Marcus Reiling
|
|
Pitching: RHP Jeremy Brown
|
|
|
Batting: LHB Walt van der Rest
|
0-0: Called Strike 0-1: Called Strike 0-2: Strikes out swinging
|
|
Batting: LHB Newt Peper
|
0-0: Foul Ball, location: 2F 0-1: Ball 1-1: Ball 2-1: Foul Ball, location: 2F 2-2: Ball 3-2: Foul Ball, location: 2F 3-2: Base on Balls
|
|
Pinch Hitting: LHB Zachery Ballard
|
0-0: Fly out, F4 (Popup, 4M, EV 62.5 MPH)
|
|
Pinch Hitting: LHB George Last
|
0-0: Ball 1-0: Ball 2-0: Ground out U3 (Groundball, 3, EV 83.1 MPH)
|
| Top of the 8th over - 0 runs, 0 hits, 0 errors, 1 left on base; California State University at Fullerton 1 - University of Nebraska 3 |
| BOTTOM OF THE 8TH |
|
University of Nebraska Cornhuskers batting - Pitching for California State University at Fullerton Titans : RHP Kyle Meade
|
|
Pitching: RHP Dave Williams
|
|
|
Now at SS: Oscar Ferrer
|
|
|
Now in RF: George Last
|
|
|
Batting: SHB Karl Starnes
|
0-0: Ball 1-0: Called Strike 1-1: Ground out U3 (Groundball, 3, EV 102.5 MPH)
|
|
Batting: SHB Jim Lloyd
|
0-0: Ball 1-0: Swinging Strike 1-1: Ball 2-1: Ground out 4-3 (Groundball, 4, EV 104.4 MPH)
|
|
Batting: RHB Francisco Marin
|
0-0: Ball 1-0: Called Strike 1-1: Foul Ball, location: 2F 1-2: Ball 2-2: Foul Ball, location: 2F 2-2: Foul Ball, location: 2F 2-2: Ball 3-2: SINGLE (Groundball, 56D, EV 108.8 MPH)
|
|
Batting: LHB Jerry Santana
|
0-0: Ball 1-0: Foul Ball, location: 2F 1-1: Foul Ball, location: 2F 1-2: Foul Ball, location: 2F 1-2: Strikes out swinging
|
| Bottom of the 8th over - 0 runs, 1 hit, 0 errors, 1 left on base; California State University at Fullerton 1 - University of Nebraska 3 |
| TOP OF THE 9TH |
|
California State University at Fullerton Titans batting - Pitching for University of Nebraska Cornhuskers : RHP Jeremy Brown
|
|
Pitching: RHP Davon Ware
|
|
|
Pinch Hitting: LHB Alex Larangho
|
0-0: Swinging Strike 0-1: Ball 1-1: Ball 2-1: Foul Ball, location: 2F 2-2: Foul Ball, location: 2F 2-2: Strikes out swinging
|
|
Batting: RHB Nate Dabney
|
0-0: Ball 1-0: Foul Ball, location: 2F 1-1: Swinging Strike 1-2: Ball 2-2: Ball 3-2: Foul Ball, location: 2F 3-2: Foul Ball, location: 2F 3-2: Base on Balls
|
|
Batting: LHB Mike Fielden
|
0-0: Ball 1-0: DOUBLE (Groundball, 3L, EV 100.6 MPH) Nate Dabney to third
|
|
Pinch Runner at 2nd Mike Hill:
|
|
|
Pinch Hitting: RHB Amir Christy
|
0-0: Foul Ball, location: 2F 0-1: Swinging Strike 0-2: Foul Ball, location: 2F 0-2: Foul Ball, location: 2F 0-2: Ball 1-2: Ball 2-2: Strikes out swinging
|
|
Pinch Hitting: RHB Manny Olave
|
0-0: Swinging Strike 0-1: Swinging Strike 0-2: Ball 1-2: Strikes out looking
|
| Top of the 9th over - 0 runs, 1 hit, 0 errors, 2 left on base; California State University at Fullerton 1 - University of Nebraska 3 |
|